 Dungeon Crawl Stone Soup version 0.31.0-32-g396128a36d (webtiles) character file.

Game seed: 17610552613764153850

674 Peloso the Slasher (level 7, -2/61 HPs)
             Began as a Minotaur Fighter on Mar 30, 2024.
             Slain by a killer bee (5 damage)
             ... on level 4 of the Dungeon.
             The game lasted 00:05:36 (3663 turns).

Peloso the Slasher (Minotaur Fighter)               Turns: 3663, Time: 00:05:36

Health: -2/61      AC: 10    Str: 20    XL:     7   Next: 33%
Magic:  6/6        EV:  8    Int:  5    God:
Gold:   197        SH:  5    Dex: 12    Spells: 6/6 levels left

rFire   . . .        a - +0 long sword
rCold   . . .        d - +0 buckler
rNeg    . . .        c - +0 chain mail
rPois   +            (helmet restricted)
rElec   .            (no cloak)
rCorr   .            (no gloves)
SInv    .            (no boots)
Will    .....        (no amulet) Stlth
                     e - ring of poison resistance
HPRegen 0.30/turn    (no ring)
MPRegen 0.10/turn

%: no passive effects
@: no status effects
A: horns 2, retaliatory headbutt
a: no special abilities


You were on level 4 of the Dungeon.
You visited 1 branch of the dungeon, and saw 5 of its levels.

You collected 197 gold pieces.

Inventory:

Hand Weapons
 a - a +0 long sword (weapon)
Armour
 b - a +0 scale mail
 c - a +0 chain mail (worn)
 d - a +0 buckler (worn)
Jewellery
 e - a ring of poison resistance (left hand)
 g - a ring of protection from cold
Wands
 l - a wand of polymorph (17)
Scrolls
 h - a scroll of revelation {unknown}
 i - a scroll of summoning
 k - a scroll of enchant armour {unknown}
 m - a scroll of silence {unknown}
 n - a scroll of teleportation {unknown}
 p - a scroll of blinking {unknown}
 s - a scroll of poison {unknown}
Potions
 f - a potion of might
 j - 3 potions of resistance
 o - a potion of mutation {unknown}
 q - a potion of attraction {unknown}
 t - a potion of lignification


   Skills:
 + Level 5.1 Fighting
 + Level 7.2 Long Blades
 + Level 5.8 Armour
 + Level 1.2 Dodging
 + Level 0.5 Stealth
 + Level 4.4 Shields
 + Level 0.3 Unarmed Combat


You had 6 spell levels left.
You didn't know any spells.
Your spell library was empty.

Dungeon Overview and Level Annotations

Branches:
Dungeon (5/15)
 Temple: D:4-7

Altars:
Uskayaw

Annotations:
D:4 1 runed translucent door, fedoskokos's ghost, amateur MiFi
D:5 1 runed translucent door


Innate Abilities, Weirdness & Mutations

You have a pair of horns on your head.
You reflexively headbutt those who attack you in melee.


Message History

The killer bee is severely wounded.
You feel sick. The killer bee stings you.
* * * LOW HITPOINT WARNING * * *
The killer bee barely misses you. You furiously retaliate!
You headbutt the killer bee.
The killer bee stings you but does no damage. x2
You block the killer bee's attack.
The killer bee stings you but does no damage.
Unknown command.
You feel better. The killer bee barely misses you.
You block the killer bee's attack. x2; The killer bee barely misses you. x3
Unknown command.
You closely miss the killer bee. Your headbutt misses the killer bee.
The killer bee is severely wounded.
You block the killer bee's attack. The killer bee barely misses you.
The killer bee stings you but does no damage.
You block the killer bee's attack.
The killer bee stings you but does no damage. x2
The killer bee stings you.
* * * LOW HITPOINT WARNING * * *
You slash the killer bee!
You kill the killer bee!
The killer bee closely misses you.
The killer bee stings you but does no damage.
The killer bee closely misses you.
The killer bee stings you but does no damage.
Your Long Blades skill increases to level 7!
You hit the killer bee.
The killer bee is almost dead.
The killer bee completely misses you. You block the killer bee's attack.
The killer bee barely misses you. The killer bee stings you.
* * * LOW HITPOINT WARNING * * *
The killer bee stings you but does no damage. x2
Unknown command.
You closely miss the killer bee. Your headbutt misses the killer bee.
The killer bee is almost dead.
The killer bee stings you!
* * * LOW HITPOINT WARNING * * *
The killer bee stings you.
You die...

#.# #.##.####...##.# ##... #.#
#.##.# #...##.# #..#
######.#####.##.# #.#..#.# #.#.
...........#.##.####....#.####.#.
#.###.#.##.#.##.......(..[.......
#.# #.#.##.#.##..#####..#.#####.#
#.# #.#.##.#.##..# #..#.#####.#
#.# #.#.##.#.##yy#####..#.......#
#.# #.#.........@†......#########
#.# #.#......)...##.##.####.##
#.###.##.........##.##.###.#.##
................###.##.##.###.###
#.#######.####### #.##...........
#.# ##.## #.#####.###.### #.#
#...# #.# ##.#.## #.## ###...###
#.# ##.## ...###>......# #.# ###


You could see 2 killer bees.

Vanquished Creatures
  2 black bears (D:4)
  2 ogres
  A centaur (D:4)
  A kobold brigand (D:4)
  A killer bee (D:4)
  A sleepcap (D:4)
  Ijyb (D:3)
  2 adders
  A shadow imp (D:5)
  3 ribbon worms
  A dart slug (D:3)
  3 orcs (D:3)
  3 ball pythons
  6 endoplasms
  4 giant cockroaches
  2 goblins (D:1)
  9 hobgoblins
  6 kobolds
  2 quokkas
  2 bats (D:3)
  3 frilled lizards
  6 rats
62 creatures vanquished.

Notes
Turn   | Place    | Note
-------+----------+-------------------------------------------
     0 | D:1      | Peloso the Minotaur Fighter began the quest for the Orb.
     0 | D:1      | Reached XP level 1. HP: 19/19 MP: 0/0
   288 | D:1      | Reached XP level 2. HP: 27/27 MP: 1/1
   950 | D:2      | Reached XP level 3. HP: 31/33 MP: 2/2
  1019 | D:2      | Reached skill level 3 in Long Blades
  1722 | D:3      | Noticed Ijyb
  1738 | D:3      | Killed Ijyb
  1739 | D:3      | Reached XP level 4. HP: 22/40 MP: 3/3
  1820 | D:3      | Reached skill level 4 in Long Blades
  2485 | D:4      | Noticed a kobold brigand
  2498 | D:4      | Killed a kobold brigand
  2499 | D:4      | Reached XP level 5. HP: 35/47 MP: 4/4
  2657 | D:4      | Found a hide-covered altar of Uskayaw.
  2658 | D:4      | Noticed a black bear
  2690 | D:4      | Killed a black bear
  2691 | D:4      | Reached skill level 5 in Long Blades
  2691 | D:4      | Reached skill level 5 in Armour
  2905 | D:4      | Noticed an ogre
  2912 | D:4      | Killed an ogre
  2913 | D:4      | Reached XP level 6. HP: 53/53 MP: 5/5
  3134 | D:4      | Reached skill level 6 in Long Blades
  3134 | D:4      | Reached skill level 1 in Dodging
  3230 | D:4      | Found a runed translucent door.
  3236 | D:4      | Noticed fedoskokos's ghost (amateur MiFi)
  3254 | D:4      | Reached XP level 7. HP: 60/60 MP: 6/6
  3504 | D:5      | Entered Level 5 of the Dungeon
  3514 | D:5      | Reached skill level 5 in Fighting
  3642 | D:5      | Noticed a human
  3643 | D:5      | Found a runed translucent door.
  3662 | D:4      | Reached skill level 7 in Long Blades
  3663 | D:4      | HP: 3/61 [killer bee (7)]
  3663 | D:4      | Slain by a killer bee

Illustrated notes

Levels and vault maps discovered:
D:1:      nzn_arrival_depleted_hourglass, layout_basic, roderic_serpentine_path,
          dreamdust_mushroom_princess
D:2:      layout_basic, hangedman_abyss_or_decor_lesser_grid
D:3:      layout_loops_ring, hangedman_decor_diamond_cutter, uniq_ijyb
D:4:      layout_loops_ring, nicolae_uskayaw_murder_on_the_dancefloor,
          ebering_ghost_reflecting_pool, minmay_misc_feat_five,
          minmay_misc_feat_chi
D:5:      layout_cave_pools, dk_yredelemnul_ordeal, minmay_temple_entry_arrows

Skill      XL: |  1  2  3  4  5  6  7 |
---------------+----------------------+-----
Armour         | 4 5 |  5.8
Fighting       | 4 5 |  5.1
Shields        | 4 |  4.4
Long Blades    | 3 4 5 6 7 |  7.2
Dodging        | 1 |  1.2
Stealth        | |  0.5
Unarmed Combat | |  0.3

Action                     |  1- 3 |  4- 6 |  7- 9 || total
---------------------------+-------+-------+-------++-------
  Melee: Long sword        |    81 |    82 |    23 ||   186
         Headbutt          |    18 |    16 |     3 ||    37
         Unarmed           |     8 |       |       ||     8
    Use: Potion            |     1 |       |     1 ||     2
         Scroll            |     3 |       |       ||     3
 Armour: Chain mail        |    58 |    86 |    51 ||   195
         Scale mail        |     1 |       |       ||     1
         Skin              |     3 |       |       ||     3
  Dodge: Dodged            |    32 |    35 |    30 ||    97
  Block: Buckler           |    11 |    15 |    18 ||    44
